Map: Pillars of Gold LE

Players

uwuThermal (uThermal) - Winner!

  • Race: Terran Terran
  • Spawn Location: 7:00

Namshar

  • Race: Zerg Zerg
  • League: Master
  • Spawn Location: 1:00

Event: Cheeseadelphia Winter Championship 2021

VOD

Have the link to the VOD?

Description

Time

  • Played on: Jan. 23, 2021, 2:34 p.m.
  • Length: 9:14

All games in this series

Show
View Real Time Build Order
Export as new Build Order

uwuThermal Terran - Winner!

Build Orders: Reaper Expand, Hellion Banshee 

Get SALT Encoding   

  12  0:00  SCV  
  13  0:12  SCV  
  14  0:18  Supply Depot  
  14  0:24  SCV  
  15  0:39  SCV  
  15  0:41  Barracks  
  16  0:45  Refinery  
  16  0:51  SCV  
  17  1:04  SCV  
  18  1:16  SCV  
  19  1:28  Reaper  
  19  1:29  Orbital Command  
  20  1:43  Command Center  
  20  1:52  Supply Depot  
  20  1:55  SCV  
  20  2:00  Marine  
  22  2:07  SCV  
  23  2:11  Factory  
  23  2:19  SCV  
  24  2:23  Barracks Reactor  
  24  2:32  SCV  
  25  2:44  SCV  
  26  2:46  Command Center  
  26  2:56  SCV  
  26  2:57  Orbital Command  
  27  3:06  Starport  
  27  3:09  SCV  
  28  3:15  Refinery  
  28  3:21  SCV  
  28  3:23  SCV  
  28  3:26  Hellion  
  28  3:27  Hellion  
  34  3:29  Barracks Tech Lab  
  34  3:35  SCV x2  
  35  3:47  Hellion, SCV  
  35  3:48  Hellion, SCV  
  41  3:52  Banshee  
  41  3:55  Marine  
  44  3:59  Orbital Command, SCV  
  44  4:00  SCV  
  47  4:09  Hellion x2  
  51  4:11  SCV  
  51  4:13  SCV  
  51  4:16  Supply Depot  
  53  4:21  Cloaking Field  
  53  4:25  Barracks Tech Lab, SCV x2  
  53  4:29  SCV  
  56  4:35  Banshee  
  56  4:37  SCV  
  56  4:38  SCV  
  61  4:40  Factory Reactor  
  61  4:41  Barracks  
  61  4:44  Barracks  
  61  4:48  Supply Depot  
  61  4:49  SCV, Marine  
  61  4:50  SCV  
  63  4:52  SCV  
  63  4:59  Engineering Bay  
  63  5:01  Engineering Bay, Refinery  
  63  5:03  SCV  
  63  5:04  Refinery  
  63  5:05  Orbital Command  
  63  5:06  Stimpack  
  64  5:07  SCV  
  64  5:12  Supply Depot, Marine  
  66  5:15  SCV  
  66  5:20  SCV  
  68  5:25  Barracks  
  68  5:26  Barracks  
  68  5:27  SCV  
  69  5:28  Marine  
  69  5:29  Marine  
  69  5:32  Marine  
  72  5:35  Terran Infantry Weapons Level 1  
  72  5:36  Terran Infantry Armor Level 1, Supply Depot, SCV  
  72  5:37  SCV  
  72  5:40  SCV  
  72  5:42  Marine  
  76  5:46  Marine  
  76  5:48  Starport Reactor, SCV  
  76  5:49  Marine  
  79  5:50  Supply Depot  
  79  5:55  Siege Tank  
  82  5:58  SCV  
  82  5:59  Marine  
  82  6:00  Supply Depot, Marine  
  82  6:01  Marine  
  82  6:02  SCV  
  87  6:06  SCV  
  87  6:09  Marine  
  87  6:11  Marine  
  89  6:12  SCV  
  88  6:18  Barracks Tech Lab  
  88  6:19  Barracks Reactor, SCV x2  
  88  6:22  Marine x2  
  88  6:23  Supply Depot  
  88  6:24  SCV  
  88  6:25  Supply Depot, Marine  
  93  6:27  Siege Tank  
  93  6:29  Medivac  
  93  6:30  Medivac  
  101  6:33  SCV  
  101  6:35  Marine x2  
  101  6:38  SCV x2  
  101  6:39  Armory  
  106  6:41  Supply Depot, Marine x2  
  106  6:42  Combat Shield  
  106  6:46  Marine  
  106  6:47  Supply Depot  
  109  6:49  Supply Depot  
  109  6:50  SCV  
  109  6:51  Marine  
  109  6:52  Refinery  
  111  6:57  Concussive Shells, Marine x3  
  111  7:00  Siege Tank  
  117  7:04  Marauder, SCV  
  117  7:05  Marine  
  117  7:06  Supply Depot  
  121  7:09  Medivac  
  121  7:15  Marine x4  
  124  7:16  Marauder  
  124  7:18  SCV x2, Marine  
  126  7:25  SCV  
  126  7:26  Marine  
  126  7:27  Refinery, Marine  
  129  7:32  Siege Tank  
  129  7:33  Marine x4  
  136  7:41  Command Center, Marine x2  
  138  7:44  Marine  
  137  7:51  Marine  
  137  7:57  Marine x3  
  141  8:00  Marine  
  141  8:01  Marine  
  141  8:02  Marine  
  141  8:03  Medivac  
  141  8:04  Siege Tank, Marine  
  148  8:09  Marine  
  149  8:12  Supply Depot  
  149  8:13  Supply Depot  
  149  8:15  Medivac, Marine x3  
  149  8:18  Marine x2  
  149  8:19  SCV  
  146  8:28  Marine x3  
  146  8:33  Marine x3  
  146  8:36  Siege Tank, Marine x2  
  148  8:45  Marine  
  135  8:49  Marine  
  135  8:52  Marine x3  
  135  8:53  Marine  
  135  8:54  Marine x2  
  144  9:00  Barracks  
  144  9:01  Barracks  
  144  9:02  Barracks  
Show
View Real Time Build Order
Export as new Build Order

Namshar Zerg 

Build Orders: Hatch First 

Get SALT Encoding   

  12  0:00  Drone  
  13  0:12  Overlord  
  13  0:17  Drone  
  14  0:31  Drone x2  
  16  0:49  Hatchery  
  15  0:52  Drone  
  15  0:55  Drone  
  17  0:59  Drone  
  18  1:09  Extractor  
  17  1:15  Spawning Pool  
  17  1:18  Drone  
  17  1:21  Drone  
  18  1:29  Drone  
  19  1:39  Drone  
  20  1:49  Drone  
  21  2:01  Queen x2  
  21  2:02  Zergling x4  
  27  2:16  Hatchery  
  27  2:22  Overlord  
  26  2:26  Drone  
  27  2:30  Drone  
  27  2:35  Metabolic Boost  
  28  2:40  Drone  
  28  2:41  Drone  
  30  2:46  Drone  
  30  2:47  Drone  
  30  2:50  Overlord  
  32  2:56  Queen  
  34  3:01  Drone  
  35  3:09  Drone x3  
  38  3:13  Drone x3  
  38  3:19  Queen  
  43  3:23  Drone  
  43  3:25  Overlord  
  44  3:37  Queen  
  44  3:39  Queen  
  44  3:40  Overlord  
  48  3:42  Drone  
  48  3:44  Drone  
  50  3:49  Drone x3  
  50  3:53  Overlord  
  53  3:56  Drone x2  
  53  4:02  Zergling x2  
  56  4:03  Zergling x4  
  56  4:04  Overlord  
  56  4:05  Drone  
  60  4:10  Drone x3  
  60  4:15  Drone x3  
  65  4:22  Roach Warren  
  64  4:25  Overlord  
  64  4:27  Lair  
  64  4:28  Drone  
  64  4:30  Extractor  
  64  4:31  Extractor  
  64  4:33  Drone x3  
  64  4:35  Drone  
  67  4:45  Drone x5  
  70  4:46  Pneumatized Carapace  
  70  4:51  Spore Crawler x2  
  70  4:52  Spore Crawler, Drone x2  
  71  4:59  Drone x5  
  76  5:02  Extractor  
  76  5:03  Overlord  
  76  5:07  Drone x3  
  78  5:16  Evolution Chamber  
  78  5:18  Extractor, Drone x3, Evolution Chamber  
  78  5:20  Extractor  
  77  5:25  Overseer  
  78  5:28  Drone x2  
  78  5:31  Drone x2  
  78  5:32  Overlord x2  
  78  5:33  Drone  
  78  5:34  Drone  
  83  5:35  Drone  
  83  5:37  Queen  
  83  5:38  Queen  
  88  5:44  Overlord  
  88  5:49  Zerg Ground Armor Level 1, Zerg Melee Weapons Level 1  
  88  5:53  Drone  
  88  5:55  Baneling Nest, Overseer  
  84  6:02  Drone  
  84  6:03  Drone  
  83  6:15  Drone  
  83  6:16  Drone x12  
  93  6:22  Hatchery  
  92  6:32  Overlord x2  
  92  6:33  Hydralisk Den  
  91  6:40  Centrifical Hooks  
  91  6:41  Zergling x14  
  98  6:48  Overlord x3  
  98  6:51  Zergling x4  
  100  6:56  Zergling x14  
  105  7:19  Drone  
  105  7:20  Overlord, Drone x3  
  105  7:21  Overlord  
  109  7:23  Muscular Augments  
  109  7:24  Drone  
  109  7:25  Infestation Pit  
  109  7:27  Zergling x12  
  109  7:28  Baneling x12  
  115  7:35  Queen  
  117  7:38  Zergling x8  
  121  7:45  Zergling x2  
  121  7:46  Zergling x4  
  121  7:49  Baneling x3  
  124  7:52  Zergling x14  
  124  7:57  Baneling  
  124  7:58  Baneling x6  
  131  8:03  Zergling x2  
  131  8:04  Zergling x10  
  134  8:10  Zergling x10  
  134  8:12  Hatchery  
  134  8:18  Zergling x2  
  130  8:26  Zergling x2  
  130  8:27  Zergling x6  
  107  8:29  Baneling x4  
  107  8:30  Zergling x6, Baneling x7  
  105  8:35  Zergling x2  
  104  8:41  Zergling x6  
  104  8:42  Zergling x4  
  104  8:46  Zergling x4  
  101  8:51  Zergling x2  
  101  8:52  Baneling x2  
  101  8:55  Zergling x2  
Tags
 
Add a new tag
Caveats
  • Supply blocks, unpowered buildings, or Contaminate may cause inaccurate times.
  • Supply counts are checked every 10 seconds.